 Dungeon Crawl Stone Soup version 0.30-a0-900-g23479c02f2 (webtiles) character file.

Game seed: 4167566652819181553

2057 Iniera the Thaumaturge (level 9, -7/47 HPs)
             Began as a Deep Elf Conjurer on Mar 19, 2023.
             Was an Initiate of Vehumet.
             Mangled by a komodo dragon (25 damage)
             ... on level 5 of the Dungeon.
             The game lasted 00:12:34 (7160 turns).

Iniera the Thaumaturge (Deep Elf Conjurer)          Turns: 7160, Time: 00:12:35

Health: -7/47      AC:  6    Str:  4    XL:     9   Next: 5%
Magic:  14/25      EV: 13    Int: 28    God:    Vehumet [......]
Gold:   271        SH:  0    Dex: 13    Spells: 17/28 levels left

rFire   . . .      SeeInvis .    a - +3 whip (venom)
rCold   . . .      Faith    .    (no shield)
rNeg    . . .      Spirit   .    C - +0 robe
rPois   .          Reflect  .    o - +0 helmet
rElec   .          Rampage  .    (no cloak)
rCorr   .                        m - +0 pair of gloves
Will    .....                    h - +1 pair of boots
Stlth   ++                       i - amulet of regeneration
HPRegen 1.07/turn                g - ring of wizardry
MPRegen 0.19/turn                (no ring)

@: very slightly contaminated
A: no striking features
a: Renounce Religion


You were on level 5 of the Dungeon.
You worshipped Vehumet.
Vehumet was noncommittal.
You visited 1 branch of the dungeon, and saw 6 of its levels.
You also visited: Sewer.

You collected 271 gold pieces.

Inventory:

Hand Weapons
 a - a +3 whip of venom (weapon)
Armour
 h - a +1 pair of boots (worn)
 m - a +0 pair of gloves (worn)
 o - a +0 helmet (worn)
 C - a +0 robe (worn)
Magical Staves
 b - a staff of earth
Jewellery
 g - a ring of wizardry (left hand)
 i - an amulet of regeneration (around neck)
 t - a ring of fire
 w - an amulet of faith
Wands
 r - a wand of quicksilver (6)
Scrolls
 f - 6 scrolls of teleportation
 j - a scroll of fog
 l - 2 scrolls of amnesia
 x - a scroll of butterflies
 B - a scroll of poison
 D - a scroll of vulnerability
Potions
 d - 4 potions of curing
 e - 4 potions of might
 k - 3 potions of lignification {unknown}
 n - a potion of mutation {unknown}
 p - 2 potions of cancellation {unknown}
 q - a potion of berserk rage {unknown}
 s - a potion of magic
 u - a potion of attraction {unknown}
 v - 3 potions of brilliance {unknown}
 z - a potion of resistance {unknown}
 A - 3 potions of ambrosia {unknown}
 E - a potion of degeneration {unknown}


   Skills:
 + Level 1.5 Fighting
 + Level 3.5 Dodging
 + Level 2.8 Stealth
 - Level 10.3 Spellcasting
 * Level 7.5 Conjurations
 + Level 3.5 Hexes
 - Level 6.0 Translocations


You had 17 spell levels left.
You knew the following spells:

 Your Spells              Type           Power      Damage    Failure   Level
a - Magic Dart            Conj           100%       1d8       1%          1
b - Searing Ray           Conj           100%       2d8       1%          2
c - Fulminant Prism       Conj/Hex       22%        3d12      1%          4
d - Iskenderun's Mystic   Conj/Tloc      51%        2d11      1%          4

Your spell library contained the following spells:

 Spells                   Type           Power      Damage    Failure   Level
 Sandblast                Erth           28%        2d8       1%          1
 Blink                    Tloc           96%        N/A       1%          2
 Ensorcelled Hibernation  Hex/Ice        48%        N/A       1%          2
 Lesser Beckoning         Tloc           96%        N/A       1%          2
 Momentum Strike          Conj/Tloc      100%       3d10      1%          2
 Dazzling Flash           Conj/Hex       90%        N/A       1%          3
 Stone Arrow              Conj/Erth      70%        3d11      1%          3
 Passwall                 Tmut/Erth      11%        N/A       2%          2
 Spider Form              Tmut/Pois      14%        N/A       4%          3
 Anguish                  Hex/Necr       12%        N/A       8%          4
 Olgreb's Toxic Radiance  Pois           14%        N/A       16%         4
 Ozocubu's Refrigeration  Ice            7%         4d9       100%        7
 Ignition                 Fire           7%         3d4       100%        8


Dungeon Overview and Level Annotations

Branches:
Dungeon (6/15)             Temple (0/1) D:5           Sewer (visited)

Altars:
Dithmenos
Hepliaklqana
Makhleb
Okawaru
Qazlal
Uskayaw
Vehumet
Xom
Zin

Shops:
D:4 =

Annotations:
D:5 exclusion: downstairs


Message History

There is a stone staircase leading up here.
You climb upwards.
There is a stone staircase leading down here.
You start resting.
Magic restored.
You climb downwards.
Level annotation: exclusion: downstairs
There is a stone staircase leading up here.
Casting: Iskenderun's Mystic Blast (dangerous; 1% risk of failure)
Confirm with . or Enter, or press ? or * to list all spells.
Aiming: Fulminant Prism (dangerous; 1% risk of failure)
Press: ? - help, Dir - move target You conjure a prism of explosive energy!
A fulminant prism comes into view.
The komodo dragon bites you.
Casting: Fulminant Prism (dangerous; 1% risk of failure)
Confirm with . or Enter, or press ? or * to list all spells.
Aiming: Searing Ray (safe; 1% risk of failure)
Press: ? - help, Shift-Dir - straight line The searing ray hits the komodo dragon!
The komodo dragon is lightly wounded. (Press . to maintain the ray.)
The komodo dragon bites you!!
Ouch! That really hurt!
Your fulminant prism crackles loudly.
The searing ray hits the komodo dragon.
The komodo dragon is moderately wounded.
The komodo dragon closely misses you.
Your fulminant prism explodes!
The blast of energy engulfs the komodo dragon!!
The komodo dragon is severely wounded.
Unknown command.
Unknown command.
Casting: Searing Ray (safe; 1% risk of failure)
Confirm with . or Enter, or press ? or * to list all spells.
You miscast Iskenderun's Mystic Blast.
You are very lightly contaminated with residual magic.
Nothing appears to happen.
The komodo dragon bites you!!
Ouch! That really hurt!
You die...

#..#≈≈≈≈#.....##.#
#..#≈>_≈#.....##.#
#..#≈..≈#.'#####.#
#..#≈≈≈≈#..# #.#
##.#'####..# #.#####
#.........# #.....#
#######.#.#######.###
###...........#
#@l.#........##
###.######...# #.#
#.### #.# #.# #.# #.#
#.# #.# #.######.#
#........# ########.#


You could see a komodo dragon.

Vanquished Creatures
  A troll (D:6)
  2 water moccasins (D:5)
  An ice beast (D:5)
  A centaur (D:5)
  A phantom (D:6)
  A kobold brigand (D:5)
  2 bullfrogs (Sewer)
  3 scorpions (D:5)
  A wight (D:6)
  A howler monkey (D:4)
  3 crimson imps (D:5)
  An orc priest (D:6)
  A jelly (D:5)
  7 hounds
  2 gnoll boudas
  4 iguanas
  2 orc wizards
  Robin (D:2)
  14 adders
  A shadow imp (D:6)
  4 ufetubi
  6 worms
  8 dart slugs
  11 orcs
  5 ball pythons
  3 endoplasms
  13 giant cockroaches
  13 goblins
  11 hobgoblins
  8 jackals
  12 kobolds
  7 quokkas
  5 bats
  13 frilled lizards
  A rat (D:1)
  A spectral hobgoblin (D:4)
171 creatures vanquished.

Vanquished Creatures (others)
  7 fulminant prisms
7 creatures vanquished.

Grand Total: 178 creatures vanquished

Notes
Turn   | Place    | Note
-------+----------+-------------------------------------------
     0 | D:1      | Iniera the Deep Elf Conjurer began the quest for the Orb.
     0 | D:1      | Reached XP level 1. HP: 10/10 MP: 6/6
   179 | D:1      | You fall into a shaft and drop 1 floor!
   192 | D:2      | Noticed Robin
   268 | D:1      | Reached XP level 2. HP: 15/15 MP: 5/8
   323 | D:1      | Reached skill level 5 in Conjurations
  1019 | D:2      | Reached XP level 3. HP: 19/19 MP: 7/9
  1194 | D:2      | Killed Robin
  1219 | D:1      | Learned a level 2 spell: Searing Ray
  1582 | D:2      | Reached XP level 4. HP: 24/24 MP: 8/10
  1648 | D:2      | Learned a level 4 spell: Fulminant Prism
  2306 | D:3      | Reached XP level 5. HP: 28/28 MP: 8/11
  2663 | D:3      | Noticed an angel
  2664 | D:3      | Found a glowing silver altar of Zin.
  2921 | D:3      | Found a burning altar of Makhleb.
  3047 | D:4      | Found an iron altar of Okawaru.
  3080 | D:4      | Found a hide-covered altar of Uskayaw.
  3189 | D:4      | Reached skill level 1 in Hexes
  3236 | D:4      | Reached skill level 1 in Translocations
  3432 | D:4      | Found a hazy altar of Hepliaklqana.
  3560 | D:4      | Found Huli's Jewellery Shoppe.
  3578 | D:4      | Reached skill level 4 in Spellcasting
  4001 | D:5      | Entered Level 5 of the Dungeon
  4007 | D:5      | Learned a level 4 spell: Iskenderun's Mystic Blast
  4032 | D:5      | Reached XP level 6. HP: 30/32 MP: 7/14
  4130 | D:5      | Found a shadowy altar of Dithmenos.
  4205 | D:5      | Reached skill level 5 in Spellcasting
  4396 | D:5      | Found a shimmering altar of Xom.
  4458 | D:5      | Found a stormy altar of Qazlal.
  4665 | D:5      | Reached XP level 7. HP: 36/36 MP: 15/17
  4698 | D:5      | Found a glowing drain.
  4708 | Sewer    | Entered a sewer
  4784 | Sewer    | Reached skill level 6 in Spellcasting
  5176 | Sewer    | Reached skill level 7 in Spellcasting
  5558 | D:5      | Found a radiant altar of Vehumet.
  5697 | D:5      | Reached skill level 8 in Spellcasting
  5844 | D:5      | Reached XP level 8. HP: 41/41 MP: 17/22
  5903 | D:5      | Reached skill level 9 in Spellcasting
  5943 | D:5      | Reached skill level 5 in Translocations
  6364 | D:5      | Found a staircase to the Ecumenical Temple.
  6456 | D:5      | Became a worshipper of Vehumet
  6515 | D:6      | Reached skill level 10 in Spellcasting
  6547 | D:6      | Noticed a komodo dragon
  6777 | D:6      | Reached skill level 1 in Fighting
  6986 | D:6      | Noticed a troll
  6995 | D:6      | Killed a troll
  6996 | D:6      | Reached XP level 9. HP: 32/47 MP: 2/25
  7160 | D:5      | Mangled by a komodo dragon

Illustrated notes

Levels and vault maps discovered:
D:1:      psy_arrival_spokes, layout_basic, minmay_tromino_i2
D:2:      layout_rooms, hangedman_decor_peaks_small, uniq_robin
D:3:      layout_loops_ring, mainiacjoe_overflow_six_doors_small, zin_angel,
          minmay_misc_feat_x
D:4:      layout_loops_ring, nicolae_hepliaklqana_monster_ancestors,
          mainiacjoe_overflow_paths, mainiacjoe_overflow_small_starburst,
          serial_shops, shop
D:5:      minmay_bubble_buster, layout_basic, grunt_dithmenos_smoke_and_mirrors,
          general_overflow_altar, led_xom_imps, mainiacjoe_overflow_catwalk,
          minmay_temple_entry_statues, gup_sewer_entry_bubbles
D:6:      cheibrodos_fzero, layout_gridville, dreamdust_princess_corridor,
          kennysheep_generic_room_11, uniq_menkaure, uniq_edmund

Skill      XL: |  1  2  3  4  5  6  7  8 |
---------------+-------------------------+-----
Conjurations   | 5 6 7 |  7.5
Hexes          | 1 3 |  3.5
Translocations | 1 2 4 6 |  6.0
Spellcasting   | 4 5 8 10 | 10.3
Fighting       | 1 |  1.5
Dodging        | 3 |  3.5
Stealth        | |  2.8

Action                     |  1- 3 |  4- 6 |  7- 9 || total
---------------------------+-------+-------+-------++-------
  Melee: Unarmed           |    33 |    13 |    15 ||    61
         Staff             |       |       |     5 ||     5
         Whip              |       |       |     5 ||     5
   Cast: Magic Dart        |    79 |   126 |   121 ||   326
         Searing Ray       |       |     7 |    22 ||    29
         Fulminant Prism   |       |       |     7 ||     7
         Iskenderun's Myst |       |       |     6 ||     6
    Use: Scroll            |     8 |     4 |     7 ||    19
         Potion            |       |       |     2 ||     2
   Stab: Sleeping          |       |       |     1 ||     1
 Armour: Robe              |     7 |    10 |    30 ||    47
  Dodge: Dodged            |    32 |    26 |    71 ||   129

Table legend: (Time is in decaauts)
 A = Elapsed time spent in this place.
 B = Non-inter-level travel time spent in this place.
 C = Inter-level travel time spent in this place.
 D = Time resting spent in this place.
 E = Time spent auto-exploring this place.
 F = Levels seen in this place.
 G = Mean time per level.
                   A        B        C        D        E       F      G
               +--------+--------+--------+--------+--------+-----+--------+
         Total |   7279 |   7026 |    253 |    608 |   5330 |   7 | 1039.9 |
       Dungeon |   6429 |   6176 |    253 |    494 |   4709 |   6 | 1071.5 |
         Sewer |    850 |    850 |      0 |    114 |    620 |   1 |  850.0 |
               +--------+--------+--------+--------+--------+-----+--------+

Top non-repeatable levels by time:
     D:5: 1946 daAuts
     D:4: 1077 daAuts
     D:1: 1072 daAuts
     D:3: 1047 daAuts
     D:2: 922 daAuts
   Sewer: 850 daAuts
     D:6: 361 daAuts
